AoeStats
← 2ScareD23

Fortress

510720508Analyzed
1v1 RM · 24h ago on Oct 2, 2026· 28m 8s· 2 players
Game mode
Random Map
Map size
Small (3 player)
Population
200
Speed
Normal
Resources
Standard
Victory
Conquest
Starting age
Dark Age
Ending age
Imperial Age
RankedLock teamsTeams togetherTeam positionsShared explorationLock speedFull tech treeHidden civsTurbo modeCheats
Victory
Defeat
🇹🇷 Burgundians · Türkiye
1270
+15
🇭🇺 Britons · Hungary
1238
-15
2ScareD23
0:54 Loom
1:29 Double-Bit Axe
1:39 Loom
1:59 Loom
2:03 Loom
6:09 Wheelbarrow
6:17 Wheelbarrow
5:57 Horse Collar
8:28 Feudal Age
8:30 Gold Mining
8:34 Stone Mining
14:35 Castle Age
12:50 Bow Saw
13:46 Scale Barding Armor
16:55 Chain Barding Armor
26:09 Imperial Age
25:16 Fletching
25:40 Forging
26:00 Hand Cart
petee94
6:06 Feudal Age
6:34 Double-Bit Axe
9:22 Loom
12:16 Castle Age
11:36 Horse Collar
12:40 Gold Mining
16:44 Fletching
18:58 Bodkin Arrow
20:53 Padded Archer Armor
22:51 Bow Saw
23:42 Wheelbarrow
23:49 Leather Archer Armor
26:43 Ballistics
Connection lost

Rejoining the realm…

Still unreachable

The connection could not be restored.

Session expired

The server has moved on; the page needs a fresh start.